 Dungeon Crawl Stone Soup version 0.22-a0-558-gc224181 (webtiles) character file.

576 Hebeh the Chopper (level 7, -14/61 HPs)
             Began as a Minotaur Fighter on June 27, 2018.
             Killed from afar by Tungsten's ghost (22 damage)
             ... with a stone arrow
             ... on level 5 of the Dungeon.
             The game lasted 00:10:19 (3689 turns).

Hebeh the Chopper (Minotaur Fighter)                Turns: 3689, Time: 00:10:19

Health: -14/61     AC:  7    Str: 23    XL:     7   Next: 13%
Magic:  6/6        EV:  8    Int:  5    God:
Gold:   299        SH: 11    Dex:  9    Spells: 6/6 levels left

rFire    . . .     SeeInvis .   p - +2 hand axe (elec)
rCold    . . .     Gourm    +   c - +1 shield
rNeg     . . .     Faith    .   b - +0 scale mail
rPois    +         Spirit   .   (helmet restricted)
rElec    .         Reflect  .   (no cloak)
rCorr    .         Harm     .   (no gloves)
MR       .....                  (no boots)
Stlth    +.........             u - amulet of the gourmand
HPRegen  0.20/turn              n - ring of poison resistance
MPRegen  0.10/turn              g - ring of stealth

@: no status effects
A: retaliatory headbutt, horns 2
a: no special abilities


You were on level 5 of the Dungeon.
You were completely stuffed.

You visited 1 branch of the dungeon, and saw 5 of its levels.

You collected 299 gold pieces.

Inventory:

Hand Weapons
 a - a +0 war axe
 p - a +2 hand axe of electrocution (weapon)
Armour
 b - a +0 scale mail (worn)
 c - a +1 shield (worn)
Jewellery
 g - a ring of stealth (right hand)
 n - a ring of poison resistance (left hand)
 s - a cursed ring of loudness {unknown}
 u - an amulet of the gourmand (around neck)
Scrolls
 e - 3 scrolls of identify
 q - a scroll of amnesia
Potions
 d - 3 potions of might
 h - 2 potions of curing
 i - a potion of agility {unknown}
 j - a potion of heal wounds {unknown}
 k - a potion of degeneration {unknown}
 l - 2 potions of cancellation {unknown}
 m - 2 potions of invisibility {unknown}
 o - a potion of berserk rage {unknown}
 r - a potion of lignification {unknown}
 t - a potion of flight {unknown}
Comestibles
 f - 10 rations


   Skills:
 + Level 5.4 Fighting
 * Level 6.2 Axes
 + Level 5.4 Armour
 + Level 5.4 Shields


You had 6 spell levels left.
You didn't know any spells.
Your spell library was empty.

Dungeon Overview and Level Annotations

Branches:
Dungeon (5/15)
 Temple: D:4-7

Altars:
Elyvilon
Fedhas
Gozag
Nemelex Xobeh
Xom
Yredelemnul

Annotations:
D:5 Tungsten's ghost, novice GrEE


Innate Abilities, Weirdness & Mutations

You reflexively headbutt those who attack you in melee.
You have a pair of horns on your head.


Message History

You block Tungsten's ghost's attack.
You hit Tungsten's ghost.
Tungsten's ghost is heavily damaged.
You block Tungsten's ghost's attack.
You hit Tungsten's ghost but do no damage.
Tungsten's ghost is heavily damaged.
You block Tungsten's ghost's attack.
You closely miss Tungsten's ghost.
Tungsten's ghost is heavily damaged.
Tungsten's ghost says, "A rolling stone gathers plenty of Hebeh."
Tungsten's ghost points at you and mumbles some strange words.
The stone arrow hits you! Tungsten's ghost casts a spell at you.
The blast of sand hits you!
* * * LOW HITPOINT WARNING * * *
You hit Tungsten's ghost.
Tungsten's ghost is heavily damaged.
Tungsten's ghost gestures at you while chanting.
The stone arrow hits you!
You die...

... #.# #.#
#.# #.#
#.########
#..#.....#
#..#8...(#
#..'..(..#
#.@W....(#
#..'.(!..#
#..#...(.#
#.#.#(..(.#
..##########
#.# ##


You could see Tungsten's ghost.

Vanquished Creatures
  Duvessa (D:5)
  A scorpion (D:5)
  Dowan (D:5)
  A jelly (D:5)
  An orc priest (D:4)
  2 orc wizards (D:4)
  3 worker ants (D:4)
  A hound skeleton (D:5)
  6 adders
  2 oozes
  5 worms
  2 dart slugs
  2 leopard geckos
  14 orcs
  3 giant cockroaches
  8 goblins
  3 hobgoblins
  7 jackals
  A ball python (D:4)
  6 bats
  2 frilled lizards
  A jackal skeleton (D:4)
  3 kobolds
  3 quokka skeletons
  10 rats
89 creatures vanquished.

Notes
Turn   | Place    | Note
-------+----------+-------------------------------------------
     0 | D:1      | Hebeh the Minotaur Fighter began the quest for the Orb.
     0 | D:1      | Reached XP level 1. HP: 19/19 MP: 0/0
    71 | D:1      | Reached XP level 2. HP: 27/27 MP: 1/1
    84 | D:1      | Reached skill level 3 in Axes
   318 | D:1      | Reached XP level 3. HP: 33/33 MP: 2/2
   882 | D:2      | Found a blossoming altar of Fedhas.
   988 | D:2      | Found a white marble altar of Elyvilon.
   992 | D:2      | Found a shimmering altar of Xom.
   995 | D:2      | Found a basalt altar of Yredelemnul.
  1131 | D:3      | Reached XP level 4. HP: 32/40 MP: 3/3
  1302 | D:3      | Reached skill level 4 in Axes
  1626 | D:3      | Found a faded altar of an unknown god.
  1969 | D:3      | Reached XP level 5. HP: 44/47 MP: 4/4
  2260 | D:3      | Found a sparkling altar of Nemelex Xobeh.
  2502 | D:4      | Reached skill level 5 in Axes
  2718 | D:4      | Found an opulent altar of Gozag.
  2809 | D:4      | Reached XP level 6. HP: 48/55 MP: 5/5
  3289 | D:4      | Reached skill level 5 in Fighting
  3319 | D:5      | Entered Level 5 of the Dungeon
  3363 | D:5      | Noticed Dowan
  3363 | D:5      | Noticed Duvessa
  3370 | D:5      | Killed Dowan
  3370 | D:5      | Reached skill level 5 in Armour
  3370 | D:5      | Reached skill level 5 in Shields
  3372 | D:5      | Killed Duvessa
  3372 | D:5      | Reached skill level 6 in Axes
  3440 | D:5      | Reached XP level 7. HP: 30/61 MP: 6/6
  3668 | D:5      | Found a runed gate.
  3669 | D:5      | Found a runed gate.
  3669 | D:5      | Found a runed gate.
  3673 | D:5      | Noticed Tungsten's ghost (novice GrEE)
  3689 | D:5      | Killed from afar by Tungsten's ghost

Vault maps used:
D:1:      lightli_arrival_flooded_house, st_stairs_3, feat_on_display
D:2:      fedhas_altar_2, minmay_overflow_temple_star_quad, first_ration
D:3:      lemuel_coloured_pillars_altar, chequers_ecumenical_altar_simple
D:4:      kennysheep_little_box
D:5:      ebering_ghost_rock_garden, uniq_duvessa

Skill      XL: |  1  2  3  4  5  6 |
---------------+-------------------+-----
Axes           | 3 4 5 6 |  6.2
Shields        | 4 5 |  5.4
Fighting       | 4 5 |  5.4
Armour         | 4 5 |  5.4

Action                   |  1- 3 |  4- 6 |  7- 9 || total
-------------------------+-------+-------+-------++-------
Melee: War axe           |    76 |    75 |       ||   151
       Headbutt          |     8 |    20 |       ||    28
       Hand axe          |       |    60 |    10 ||    70
  Use: Scroll            |       |     7 |       ||     7
  Eat: Chunk             |     1 |    16 |       ||    17
Armor: Scale mail        |    49 |    68 |     3 ||   120
Dodge: Dodged            |    25 |    27 |     4 ||    56
Block: Shield            |    43 |    70 |     5 ||   118

Table legend:
 A = Spawn XP
 B = Non-spawn XP
 C = Spawn XP percentage of total XP
 D = Spawn monster count
 E = Non-spawn monster count
 F = Spawn count percentage of total count
 G = Total turns spent on level
                    A         B        C        D         E        F      G
               +---------+---------+-------+---------+---------+-------+---------
         Total |       0 |     824 |   0.0 |       0 |      89 |   0.0 |  3689
               +---------+---------+-------+---------+---------+-------+---------
           D:1 |       0 |      48 |   0.0 |       0 |      24 |   0.0 |   483
           D:2 |       0 |      36 |   0.0 |       0 |       7 |   0.0 |   619
           D:3 |       0 |     126 |   0.0 |       0 |      32 |   0.0 |  1303
           D:4 |       0 |     257 |   0.0 |       0 |      21 |   0.0 |   914
           D:5 |       0 |     357 |   0.0 |       0 |       5 |   0.0 |   370
               +---------+---------+-------+---------+---------+-------+---------
